 Dungeon Crawl Stone Soup version 0.31-a0-236-g9a0961fb85 (webtiles) character file.

Game seed: 8487528864552766204

44 qw the Shooter (level 3, -1/29 HPs)
             Began as a Minotaur Hexslinger on July 10, 2023.
             Slain by an orc priest
             ... wielding a +0 short sword
              (3 damage)
             ... on level 3 of the Dungeon.
             The game lasted 00:00:32 (1658 turns).

qw the Shooter (Minotaur Hexslinger)                Turns: 1658, Time: 00:00:33

Health: -1/29      AC:  5    Str: 10 (12) XL:     3   Next: 39%
Magic:  3/3        EV: 10    Int:  8 (10) God:
Gold:   156        SH:  0    Dex: 11 (14) Spells: 3/4 levels left

rFire   . . .        Y - +3 shortbow (flame)
rCold   . . .        (shield currently unavailable)
rNeg    . . .        l - +0 ring mail
rPois   .            (helmet restricted)
rElec   .            (no cloak)
rCorr   .            (no gloves)
SInv    .            (no boots)
Will    .....        (no amulet)
Stlth   +            (no ring)
HPRegen 0.24/turn    (no ring)
MPRegen 0.08/turn

%: no passive effects
@: about to teleport
A: horns 2, retaliatory headbutt
a: no special abilities


You were on level 3 of the Dungeon.
You visited 1 branch of the dungeon, and saw 3 of its levels.

You collected 156 gold pieces.


Innate Abilities, Weirdness & Mutations

You have a pair of horns on your head.
You reflexively headbutt those who attack you in melee.


   Skills:
 - Level 2.0 Fighting
 - Level 4.0 Ranged Weapons
 + Level 0.0 Armour
 - Level 2.1 Dodging
 - Level 1.0 Spellcasting
 - Level 2.0 Hexes


You had 3 spell levels left.
You knew the following spells:

 Your Spells              Type           Power      Damage    Failure   Level
a - Slow                  Hex            12%        N/A       41%         1

Your spell library contained the following spells:

 Spells                   Type           Power      Damage    Failure   Level
 Inner Flame              Hex/Fire       2%         N/A       90%         3
 Portal Projectile        Hex/Tloc       4%         N/A       90%         3
 Cause Fear               Hex            1%         N/A       99%         4

Inventory:

Hand Weapons
 Y - a +3 shortbow of flaming (weapon)
Armour
 l - a +0 ring mail (worn)
Scrolls
 a - a scroll of identify
Potions
 k - a potion of ambrosia {unknown}

Dungeon Overview and Level Annotations

Branches:
Dungeon (3/15)

Altars:

Annotations:
D:2 1 runed translucent door, Crazy Yiuf


Message History

A dart slug comes into view.
You shoot an arrow.
The arrow hits the orc but does no damage.
The orc is heavily wounded.
The orc hits you with a +0 club. The orc misses you.
You shoot an arrow. The arrow hits the orc.
The arrow burns the orc.
The orc is almost dead.
The orc barely misses you.
You shoot an arrow. The arrow closely misses the orc.
The arrow hits the dart slug!
The arrow burns the dart slug.
You kill the dart slug!
The orc hits you with a +0 hand axe. The orc barely misses you.
You feel your strength returning.
You shoot an arrow. The arrow closely misses the orc.
The orc hits you with a +0 club.
The orc priest mumbles some strange prayers to Beogh against you.
Beogh smites you! The orc hits you with a +0 hand axe.
An orc comes into view. It is wielding a +0 mace.
The orc closely misses you.
You shoot an arrow. The orc shouts!
The arrow hits the orc!
The arrow burns the orc.
You kill the orc!
The orc priest miscasts a cantrip.
The orc hits you with a +0 hand axe.
Your Ranged Weapons skill increases to level 4!
1656 ||| READING scroll of teleportation.
As you read the scroll of teleportation, it crumbles to dust.
You feel strangely unstable. The orc hits you but does no damage.
You shoot an arrow.
The arrow closely misses the orc priest.
The arrow closely misses the orc.
The orc priest hits you with a +0 short sword.
The orc hits you with a +0 hand axe.
You shoot an arrow. The arrow hits the orc priest.
The arrow burns the orc priest.
The orc priest is heavily wounded.
The orc priest hits you with a +0 short sword.
You die...

#......# ##...#.##
##....#..## .
#.....#...### ..
###....#.#..>### ...
....##.#.###...## ....
###.##.#.# ###..## .....
.##.##.#.######..#......
.##.# .#........@o..o...
.##.# .......##o.......
##... #...... ..##.....
... .#### #### .#... ...
# .. # # . # # . ###


You could see an orc priest and 2 orcs.

Vanquished Creatures
  3 dart slugs
  An orc (D:3)
  2 ball pythons
  5 endoplasms
  A giant cockroach (D:2)
  3 goblins (D:2)
  3 hobgoblins (D:1)
  4 kobolds
  A quokka (D:1)
  3 bats
  5 frilled lizards
  3 rats
34 creatures vanquished.

Notes
Turn   | Place    | Note
-------+----------+-------------------------------------------
     0 | D:1      | qw the Minotaur Hexslinger began the quest for the Orb.
     0 | D:1      | Reached XP level 1. HP: 16/16 MP: 1/1
     0 | D:1      | 0 ||| qw: Version: 0.3-a-52-g30416fa
     0 | D:1      | 0 ||| qw: Game counter: 4891
     0 | D:1      | 0 ||| qw: Melee chars always use a shield: true
     0 | D:1      | 0 ||| qw: God list: Okawaru
     0 | D:1      | 0 ||| qw: Allow faded altars: false
     0 | D:1      | 0 ||| qw: Do Orc after clearing Dungeon:15 true
     0 | D:1      | 0 ||| qw: Do second Lair branch before Depths: true
     0 | D:1      | 0 ||| qw: Lair rune preference: random
     0 | D:1      | 0 ||| qw: Goals: Normal
     0 | D:1      | 0 ||| PLANNING D:1-11
   239 | D:1      | Reached skill level 3 in Ranged Weapons
   283 | D:1      | Reached XP level 2. HP: 12/23 MP: 2/2
   702 | D:1      | 702 ||| DROPPING scarf of invisibility.
   703 | D:1      | 703 ||| UPGRADING to +0 ring mail.
   713 | D:1      | 713 ||| DROPPING +0 robe.
   714 | D:1      | 714 ||| READING scroll labelled ORION JAMI.
   719 | D:1      | 719 ||| READING scroll labelled SONINUPPOA.
   719 | D:1      | Identified a scroll of acquirement
   719 | D:1      | 719 ||| ACQUIRING +3 shortbow of flaming
   719 | D:1      | Acquired a +3 shortbow of flaming
   721 | D:1      | 721 ||| SWAPPING to +3 shortbow of flaming.
   722 | D:1      | 722 ||| DROPPING +1 sling.
   723 | D:1      | 723 ||| READING 2 scrolls labelled RAWAHO MAOR.
   724 | D:1      | 724 ||| READING scroll labelled OFIFOGU LATU.
   725 | D:1      | 725 ||| DRINKING 2 bubbling purple potions.
   726 | D:1      | 726 ||| DROPPING scroll of poison.
   727 | D:1      | 727 ||| DROPPING potion of degeneration.
   925 | D:2      | Found a faded altar of an unknown god.
  1285 | D:2      | Reached XP level 3. HP: 29/29 MP: 3/3
  1396 | D:2      | Found a runed translucent door.
  1397 | D:2      | Noticed Crazy Yiuf
  1514 | D:2      | 1514 ||| READING scroll labelled JEQULI QEALAMN.
  1515 | D:2      | 1515 ||| READING scroll labelled OCETOTOECO.
  1516 | D:2      | 1516 ||| READING scroll labelled ZAXUIS HEUTAUZ.
  1517 | D:2      | 1517 ||| READING scroll labelled JEULON QYHOTUH.
  1518 | D:2      | 1518 ||| READING scroll labelled PUN HUASA DITH.
  1519 | D:2      | 1519 ||| READING 2 scrolls of identify.
  1519 | D:2      | 1519 ||| IDENTIFYING sedimented emerald potion
  1520 | D:2      | 1520 ||| DROPPING potion of berserk rage.
  1655 | D:3      | HP: 6/29 [orc/+0 hand axe (2)]
  1656 | D:3      | Reached skill level 4 in Ranged Weapons
  1656 | D:3      | 1656 ||| READING scroll of teleportation.
  1657 | D:3      | HP: 2/29 [orc/+0 hand axe (3)]
  1658 | D:3      | Slain by an orc priest

Levels and vault maps discovered:
D:1:      spicycebolla_arrival_clurvy, layout_basic
D:2:      layout_basic, hellmonk_ecumenical_altar_zigzags,
          uniq_crazy_yiuf_cottage
D:3:      layout_basic, gammafunk_temple_overflow_claw,
          gammafunk_ghost_nasty_kobolds, serial_shops, shop,
          chequers_serial_rivers_large_b

Skill      XL: |  1  2  3 |
---------------+----------+-----
Ranged Weapons | 3 4 |  4.0
Fighting       | 2 |  2.0
Dodging        | |  2.1
Spellcasting   | |  1.0
Hexes          | |  2.0

Action                     || total
---------------------------++-------
   Fire: Sling             ||    58
         Shortbow          ||    36
    Use: Scroll            ||    11
         Potion            ||     1
 Armour: Robe              ||     9
         Ring mail         ||     6
  Dodge: Dodged            ||    26

Table legend:
 A = Non-vault XP
 B = Vault XP
 C = Vault XP percentage of total XP
 D = Non-vault monster count
 E = Vault monster count
 F = Vault count percentage of total count
                 A         B        C        D         E       F
            +---------+---------+-------+---------+---------+-------
      Total |      63 |       0 |   0.0 |      34 |       0 |   0.0
            +---------+---------+-------+---------+---------+-------
        D:1 |      25 |       0 |   0.0 |      16 |       0 |   0.0
        D:2 |      23 |       0 |   0.0 |      12 |       0 |   0.0
        D:3 |      15 |       0 |   0.0 |       6 |       0 |   0.0
            +---------+---------+-------+---------+---------+-------
